 Dungeon Crawl Stone Soup version 0.23-a0-577-g2b1de944cd (webtiles) character file.

3602 RKaid the Carver (level 10, -4/80 HPs)
             Began as a Human Chaos Knight on Dec 15, 2018.
             Was a Plaything of Xom.
             Killed from afar by Erica (24 damage)
             ... with an orb of energy
             ... on level 8 of the Dungeon.
             The game lasted 00:27:13 (9872 turns).

RKaid the Carver (Human Chaos Knight)               Turns: 9872, Time: 00:27:13

Health: -4/80      AC:  8    Str: 16    XL:     10   Next: 32%
Magic:  10/10      EV: 14    Int: 17    God:    Xom [.....*]
Gold:   410        SH:  0    Dex: 14    Spells: 9/9 levels left

rFire    + + +     SeeInvis .   a - +3 falchion
rCold    . . .     Gourm    .   (no shield)
rNeg     . . .     Faith    .   u - +3 ring mail
rPois    +         Spirit   .   (helmet restricted)
rElec    .         Reflect  .   (no cloak)
rCorr    .         Harm     .   (no gloves)
MR       .....                  (no boots)
Stlth    ..........             (no amulet)
HPRegen  0.23/turn              d - ring of protection from fire {rF+}
MPRegen  0.12/turn              v - +4 ring of intelligence

@: confused, slowed, drained, very slow
A: horns 1, agile 1, fire resistance 2, poison resistance, wild magic 2
a: Renounce Religion


You were on level 8 of the Dungeon.
You worshipped Xom.
You were Xom's teddy bear.
You were not hungry.

You visited 1 branch of the dungeon, and saw 8 of its levels.
You also visited: Sewer.

You collected 410 gold pieces.

Inventory:

Hand Weapons
 a - a +3 falchion (weapon)
   (You took it off a wight on level 8 of the Dungeon)
 b - a +0 hunting sling
   (You found it on level 3 of the Dungeon)
 w - a +1 falchion of chaos
Missiles
 g - 36 poisoned needles
 q - 66 sling bullets
 r - a throwing net {=f}
 s - 170 stones (quivered)
Armour
 p - the +5 ring mail of the Leaf {rCorr Int+4, unknown}
   (You found it on level 8 of the Dungeon)

   It affects your intelligence (+4).
   It provides partial protection from all sources of acid and corrosion.
 u - a +3 ring mail (worn)
   (You found it on level 4 of the Dungeon)
 z - the +10 chain mail of the Teacher {rPois rF++, unknown}
   (You found it on level 7 of the Dungeon)

   It greatly protects you from fire.
   It protects you from poison.
 A - a +0 large shield
   (You found it on level 7 of the Dungeon)
Jewellery
 d - a ring of protection from fire (left hand) {rF+}
   (You found it on level 2 of the Dungeon)
 j - an uncursed ring of protection from fire {rF+}
   (You found it on level 5 of the Dungeon)
 v - a +4 ring of intelligence (right hand)
   (You found it on level 2 of the Dungeon)
Wands
 t - a wand of random effects (17)
   (You found it on level 8 of the Dungeon)
 x - a wand of polymorph (6)
   (You found it on level 6 of the Dungeon)
 D - a wand of digging (8)
   (You found it on level 4 of the Dungeon)
Scrolls
 i - 3 scrolls of enchant weapon
 m - a scroll of enchant armour {unknown}
 o - 3 scrolls of remove curse
 y - a scroll of magic mapping {!r}
Potions
 e - 2 potions of might {unknown}
 h - a potion of heal wounds
 k - a potion of cancellation {unknown}
 l - 2 potions of haste {unknown}
 n - a potion of berserk rage {!q}
 B - a potion of brilliance {unknown}
Comestibles
 f - 8 rations


   Skills:
 + Level 7.7(6.4) Fighting
 * Level 10.4(9.1) Long Blades
 - Level 2.0(0.9) Armour
 + Level 7.1(5.8) Dodging


You had 9 spell levels left.
You didn't know any spells.
Your spell library contained the following spells:

 Spells                   Type           Power        Failure   Level  Hunger
 Slow                     Hex            #.......     73%         2    ###....
 Swiftness                Chrm/Air       #.......     73%         2    ###....
 Inner Flame              Hex/Fire       #.......     90%         3    ####...
 Mephitic Cloud           Conj/Pois/Air  #.......     90%         3    ####...
 Silence                  Hex/Air        #.........   100%        5    ######.
 Yara's Violent Unravell  Hex/Tmut       #.........   100%        5    ######.


Dungeon Overview and Level Annotations

Branches:
Dungeon (8/15)             Temple (0/1) D:5
   Lair: D:8-11

Altars:
Elyvilon
Fedhas
Gozag
Makhleb
Okawaru
Qazlal
Ru
Trog
Uskayaw
Vehumet
Xom
The Shining One

Annotations:
D:8 Erica


Innate Abilities, Weirdness & Mutations

You have a pair of small horns on your head.
You are agile. (Dex +2)
Your flesh is very heat resistant. (rF++)
Your system is resistant to poisons. (rPois)
Your spells are harder to cast, but more powerful.


Message History

"Suffer!"
You feel drained.
You are now Xom's teddy bear.
You start resting.
Setting a skill training target for Long Blades at 14.0.
There is an open door here.
There is an open door here.
There is an open door here.
Xom grants you insight.
You detect nothing.
There is a stone staircase leading down here.
You climb downwards.
q - 66 sling bullets (gained 1)
There is a stone staircase leading up here.
Marking area around Erica as unsafe for travelling.
Erica the Fiery-Tempered comes into view.
She is wielding a +3 scimitar of Erica shouts!
Erica says, "Fast and perfect.
Such is my way of killing."
You barely miss Erica. Erica barely misses you.
Press: ? - help, v - describe, . - travel
Here: Erica, wielding a +3 scimitar of flaming and wearing a +0 robe The floor.
Unknown command.
Okay, then.
You slash Erica! Erica completely misses you.
You hit Erica. Erica barely misses you.
You closely miss Erica. You closely miss Erica.
Erica hits you with a +3 scimitar of flaming!
You slash Erica!
Erica looks angry.
Erica points at you and mumbles some strange words.
The bolt of poison hits you! You resist.
You slash Erica!
Erica hits you with a +3 scimitar of flaming!
You closely miss Erica. You slash Erica! You headbutt Erica, but do no damage.
Erica hits you with a +3 scimitar of flaming.
You hit Erica. Your headbutt misses Erica.
Erica drinks a potion.
Erica is healed!
Your ring mail prevents you from hitting Erica.
You hit Erica but do no damage. Erica barely misses you.
You slash Erica! You headbutt Erica. Erica gestures at you while chanting.
You resist with significant effort.
You hit Erica.
Erica mumbles some strange words.
Erica flickers and vanishes!
Deactivating autopickup; reactivate with Ctrl-A.
You hit something but do no damage. Your headbutt misses something.
Your ring mail prevents you from hitting something.
Something hits you!
You closely miss something. Something hits you but does no damage.
You hit something. Something hits you but does no damage.
You hit something. You slash something! You headbutt something.
You hear some strange, mumbled words.
Something tries to affect you, but you resist.
You miss something. You headbutt something. Something barely misses you.
You closely miss something.
You hear some strange, mumbled words.
You feel yourself slow down.
You barely miss something. You headbutt something. Something hits you!
You hit something. You headbutt something. Something hits you!
Something burns you.
You barely miss something. You headbutt something. Something barely misses you.
You closely miss something. Something hits you but does no damage.
You slash something! Something hits you but does no damage.
Your ring mail prevents you from hitting something.
You headbutt something.
You hear some strange, mumbled words.
Something tries to affect you, but you resist.
You closely miss something.
You hear some strange, mumbled words.
You are confused.
Something hits you!
* * * LOW HITPOINT WARNING * * *
You emit a cloud of colourful smoke!
You feel better. Something hits you.
You hit something. Your headbutt misses something.
You hear some strange, mumbled words.
A bolt of poison appears from out of thin air!
The bolt of poison hits you!
You are poisoned.
You resist.
* * * LOW HITPOINT WARNING * * *
Unknown command.
You feel better.
You hear some strange, mumbled words.
You are confused.
Okay, then.
You bump into the rock wall.
Something hits you!
* * * LOW HITPOINT WARNING * * *
Something hits you.
* * * LOW HITPOINT WARNING * * *
You're too confused!
You hear some strange, mumbled words.
An orb of energy appears from out of thin air!
The orb of energy hits you!
You die...

#.#..#.....#
#..#.##...........#
..#..#.....#
#..#..#...(.......#
###.....####
#..##.#...........#
# ###...
#..##.............#
# ...
#..#..'.....o......
#######..#
#............#
#........#
#......o.....#
#.######.#
#............# #@#
#............#
.######{#
##.....[.....#
......§§#
#.###########
#####.§§§.....#
..........#.#
####......?#
#....!..# #########


There were no monsters in sight!

Vanquished Creatures
  A meliai (D:8)
  Prince Ribbit (D:6)
  2 dream sheep (D:8)
  Duvessa (D:5)
  An orc warrior (D:6)
  2 sky beasts
  4 centaurs
  2 big kobolds (D:8)
  5 bullfrogs
  Dowan (D:5)
  5 killer bees
  3 wights (D:8)
  A howler monkey (D:5)
  A jelly (D:5)
  2 orc priests (D:7)
  A centaur zombie (D:6)
  2 hounds
  2 centaur skeletons
  An iron imp (D:5)
  6 orc wizards
  3 iguanas
  Natasha (twice) (D:3)
  5 worker ants
  A hound skeleton (D:4)
  A worker ant zombie (D:5)
  4 gnolls
  14 adders
  A shadow imp (D:8)
  11 oozes (Sewer)
  2 worms
  2 dart slugs (D:1)
  7 leopard geckos
  22 orcs
  6 bats (D:1)
  24 giant cockroaches
  5 goblins
  10 hobgoblins
  2 jackals (D:4)
  2 quokkas
  14 ball pythons
  15 frilled lizards
  A goblin skeleton (D:5)
  2 hobgoblin zombies (D:5)
  8 kobolds
  2 kobold skeletons (D:5)
  3 kobold zombies (D:5)
  An orc zombie (D:5)
  8 rats
222 creatures vanquished.

Vanquished Creatures (collateral kills)
  An ogre (D:4)
  A bullfrog skeleton (D:4)
  A howler monkey skeleton (D:7)
  An adder (D:4)
  An orc (D:7)
  A goblin (D:1)
  A bat (D:1)
7 creatures vanquished.

Vanquished Creatures (others)
  A wight (D:8)
  An orc priest (D:7)
2 creatures vanquished.

Grand Total: 231 creatures vanquished

Notes
Turn   | Place    | Note
-------+----------+-------------------------------------------
     0 | D:1      | RKaid the Human Chaos Knight began the quest for the Orb.
     0 | D:1      | Reached XP level 1. HP: 18/18 MP: 1/1
   105 | D:1      | Reached XP level 2. HP: 23/24 MP: 2/2
   125 | D:1      | XOM: harmless Air miscast
   349 | D:1      | XOM: harmless Chrm miscast
   356 | D:1      | XOM: divination: magic mapping
   373 | D:1      | Reached XP level 3. HP: 29/29 MP: 3/3
   499 | D:1      | XOM: scenery: 1 doors open
   895 | D:1      | XOM: medium Hex miscast
  1002 | D:2      | XOM: noise
  1012 | D:2      | Found a stormy altar of Qazlal.
  1030 | D:2      | Reached XP level 4. HP: 31/35 MP: 4/4
  1091 | D:2      | Found a white marble altar of Elyvilon.
  1112 | D:2      | XOM: fog
  1148 | D:2      | Reached skill level 2 in Dodging
  1216 | D:2      | HP: 8/35 [adder (5)]
  1218 | D:2      | Reached skill level 4 in Long Blades
  1290 | D:2      | XOM: give mutations
  1290 | D:2      | Gained mutation: Your system is resistant to poisons.
                  | (rPois) [Xom's grace]
  1290 | D:2      | Gained mutation: You have a pair of small horns on your
                  | head. [Xom's grace]
  1515 | D:2      | Found a glowing golden altar of the Shining One.
  1604 | D:2      | Found a sacrificial altar of Ru.
  2084 | D:2      | Reached XP level 5. HP: 41/42 MP: 5/5
  2134 | D:3      | XOM: god gift: chain mail {god gift}
  2229 | D:3      | Found a faded altar of an unknown god.
  2496 | D:3      | Noticed Natasha
  2513 | D:3      | Killed Natasha
  2699 | D:3      | Noticed Natasha
  2705 | D:3      | Killed Natasha
  3179 | D:3      | XOM: give mutation
  3179 | D:3      | Gained mutation: You are agile. (Dex +2) [Xom's grace]
  3330 | D:4      | XOM: summons friendly white imp
  3336 | D:4      | Reached skill level 4 in Fighting
  3336 | D:4      | Reached XP level 6. HP: 27/48 MP: 6/6
  3552 | D:4      | XOM: confuse monster(s)
  3558 | D:4      | Reached skill level 5 in Long Blades
  3568 | D:4      | XOM: 1-stop teleportation journey
  3578 | D:4      | Reached skill level 3 in Dodging
  3670 | D:4      | Noticed a phantom
  3783 | D:3      | XOM: destruction
  3890 | D:4      | Found a bloodstained altar of Trog.
  4035 | D:4      | XOM: give mutations
  4035 | D:4      | Gained mutation: Your flesh is heat resistant. (rF+) [Xom's
                  | grace]
  4035 | D:4      | Gained mutation: Your spells are a little harder to cast,
                  | but a little more powerful. [Xom's grace]
  4035 | D:4      | Gained mutation: Your flesh is very heat resistant. (rF++)
                  | [Xom's grace]
  4077 | D:4      | Identified the Incunabulum of the Bewitching Birds
  4223 | D:5      | Entered Level 5 of the Dungeon
  4360 | D:5      | Reached XP level 7. HP: 55/55 MP: 7/7
  4387 | D:5      | XOM: harmless Hex miscast
  4393 | D:5      | Found a glowing drain.
  4421 | Sewer    | Entered a sewer
  4433 | Sewer    | XOM: mild Air miscast
  4598 | Sewer    | XOM: give mutation
  4598 | Sewer    | Gained mutation: Your spells are harder to cast, but more
                  | powerful. [Xom's grace]
  4858 | Sewer    | XOM: harmless Erth miscast
  4877 | Sewer    | Reached skill level 6 in Long Blades
  4974 | Sewer    | XOM: divination: detect items
  5081 | D:5      | Reached skill level 4 in Dodging
  5103 | D:5      | Found a blossoming altar of Fedhas.
  5103 | D:5      | Noticed Duvessa
  5103 | D:5      | Noticed Dowan
  5103 | D:5      | XOM: potion effect (berserk rage)
  5106 | D:5      | XOM: noise
  5109 | D:5      | Killed Duvessa
  5109 | D:5      | Reached skill level 5 in Fighting
  5109 | D:5      | Reached XP level 8. HP: 62/62 MP: 8/8
  5112 | D:5      | Killed Dowan
  5134 | D:5      | Reached skill level 7 in Long Blades
  5137 | D:5      | Found a staircase to the Ecumenical Temple.
  5177 | D:5      | Found a radiant altar of Vehumet.
  5285 | D:5      | Found a glowing golden altar of the Shining One.
  5445 | D:5      | XOM: enchant monster (good)
  5550 | D:5      | XOM: medium Summ miscast
  5587 | D:4      | XOM: cast spell 'Summon Ice Beast'
  6099 | D:5      | XOM: potion effect (brilliance)
  6208 | D:6      | Found a shimmering altar of Xom.
  6271 | D:6      | Reached skill level 5 in Dodging
  6704 | D:6      | Reached skill level 8 in Long Blades
  6733 | D:6      | Reached XP level 9. HP: 69/69 MP: 9/9
  6734 | D:6      | Noticed Prince Ribbit
  6741 | D:6      | XOM: silly message
  6753 | D:6      | Killed Prince Ribbit
  6753 | D:6      | Reached skill level 6 in Fighting
  7028 | D:6      | Found an iron altar of Okawaru.
  7405 | D:7      | Got an ancient chain mail
  7455 | D:7      | XOM: noise
  7477 | D:7      | XOM: summons friendly iron imp
  7535 | D:7      | XOM: 1-stop teleportation journey
  7591 | D:7      | Reached skill level 9 in Long Blades
  7653 | D:7      | Reached skill level 6 in Dodging
  7665 | D:7      | Found an opulent altar of Gozag.
  7717 | D:7      | XOM: harmless Pois miscast
  7882 | D:7      | Found a hide-covered altar of Uskayaw.
  7885 | D:7      | Found a burning altar of Makhleb.
  8246 | D:7      | XOM: silly message
  8496 | D:8      | Reached skill level 7 in Fighting
  8608 | D:8      | Reached XP level 10. HP: 57/79 MP: 10/10
  8662 | D:8      | XOM: noise
  8742 | D:8      | Got an ichor-stained ring mail
  8889 | D:8      | XOM: scenery: 2 doors open
  8972 | D:8      | XOM: blink monster(s)
  8981 | D:8      | Reached skill level 10 in Long Blades
  8981 | D:8      | HP: 17/79 [yak (5)]
  9029 | D:8      | Noticed Joseph
  9339 | D:8      | Noticed Joseph
  9339 | D:8      | Joseph changed into Joseph the meliai
  9345 | D:8      | XOM: confuse monster(s)
  9346 | D:8      | HP: 17/79 [Joseph the meliai/+7 quarterstaff (5)]
  9350 | D:8      | Killed Joseph the meliai
  9445 | D:8      | XOM: 8-stop teleportation journey
  9464 | D:8      | HP: 17/79 [dream sheep (6)]
  9466 | D:8      | Reached skill level 7 in Dodging
  9486 | D:8      | XOM: enchant monster (good)
  9492 | D:8      | XOM: swap monsters
  9507 | D:8      | XOM: summons 4 hostile shadow creatures
  9694 | D:7      | XOM: draining
  9794 | D:7      | XOM: divination: detect creatures
  9837 | D:8      | Noticed Erica
  9866 | D:8      | XOM: smoke on damage
  9868 | D:8      | HP: 18/80 [something/bolt of poison (9)]
  9872 | D:8      | Killed from afar by Erica

Vault maps used:
D:1:      dpeg_arrival_rooms_c, minmay_misc_feat_iff,
          chequers_serial_rivers_micro_b, chequers_mini_garden
D:2:      elyvilon_altar_1, nicolae_overflow_hidden_temple,
          nicolae_qazlal_general_emergency, lemuel_coloured_pillars_altar
D:3:      chequers_ecumenical_altar_island, uniq_natasha
D:4:      kennysheep_mini_moat
D:5:      fedhas_altar_2, vehumet_crystals, minmay_temple_entry_sparse_star,
          gup_sewer_entry_pipe, first_ration, eino_tiny_chamber,
          nicolae_tso_besieged_by_evil, uniq_duvessa
D:6:      marbit_many_paths, basic_altar, palyth_stone_intersect,
          nrook_campfire, uniq_prince_ribbit1
D:7:      kennysheep_little_box, chequers_temple_overflow_statue_of_worship
D:8:      cheibrodos_ashenzari_chains, lair_entry_dummy, hangedman_ranch,
          uniq_joseph, uniq_erica
Sewer:    sewer_frog_island_02

Skill      XL: |  1  2  3  4  5  6  7  8  9 10 |
---------------+-------------------------------+-----
Dodging        | 2 3 4 5 6 7 |  7.1
Long Blades    | 4 5 6 8 9 10 | 10.4
Fighting       | 4 5 7 |  7.7
Armour         | |  2.0

Action                   |  1- 3 |  4- 6 |  7- 9 | 10-12 || total
-------------------------+-------+-------+-------+-------++-------
Melee: Falchion          |   105 |   148 |   396 |    86 ||   735
       Headbutt          |       |    25 |    77 |    22 ||   124
 Fire: Hunting sling     |       |       |       |     3 ||     3
Evoke: Wand              |       |       |     1 |     3 ||     4
  Use: Potion            |       |     1 |     2 |     3 ||     6
       Scroll            |       |     3 |     9 |     1 ||    13
 Stab: Confused          |       |     3 |       |     2 ||     5
       Paralysed         |       |     3 |    16 |       ||    19
       Distracted        |       |     1 |       |       ||     1
       Petrifying        |       |       |     1 |     1 ||     2
       Petrified         |       |       |     1 |     2 ||     3
  Eat: Chunk             |     1 |     7 |    11 |     1 ||    20
       Ration            |       |     1 |     1 |     1 ||     3
Armor: Leather armour    |    47 |    43 |       |       ||    90
       Ring mail         |       |     2 |   149 |    13 ||   164
Dodge: Dodged            |    80 |    90 |   280 |    30 ||   480
       Rpst.: Falchion   |    29 |    29 |    85 |     6 ||   149

Table legend:
 A = Non-vault XP
 B = Vault XP
 C = Vault XP percentage of total XP
 D = Non-vault monster count
 E = Vault monster count
 F = Vault count percentage of total count
                 A         B        C        D         E       F
            +---------+---------+-------+---------+---------+-------
      Total |    3033 |    2114 |  41.1 |     149 |      82 |  35.5
            +---------+---------+-------+---------+---------+-------
        D:1 |      56 |       0 |   0.0 |      32 |       0 |   0.0
        D:2 |      81 |       0 |   0.0 |      18 |       0 |   0.0
        D:3 |      83 |      35 |  29.7 |      14 |       1 |   6.7
        D:4 |     245 |       0 |   0.0 |      15 |       0 |   0.0
        D:5 |     448 |     289 |  39.2 |      15 |      21 |  58.3
        D:6 |     526 |     371 |  41.4 |      11 |       2 |  15.4
        D:7 |     878 |       0 |   0.0 |      27 |       0 |   0.0
        D:8 |     716 |    1023 |  58.8 |      17 |       5 |  22.7
      Sewer |       0 |     396 | 100.0 |       0 |      53 | 100.0
            +---------+---------+-------+---------+---------+-------

Table legend:
 A = Turns spent in this place as a percentage of turns spent in the entire game.
 B = Non-inter-level travel turns spent in this place as a percentage of non-inter-level travel turns spent in the entire game.
 C = Inter-level travel turns spent in this place as a percentage of turns spent in this place.
 D = Turns resting spent in this place as a percentage of non-inter-level travel turns spent in this place.
 E = Turns spent auto-exploring this place as a percentage of non-inter-level travel turns spent in this place.
 F = Non-inter-level travel turns spent in this place divided by the number of levels of this place that you've seen.
                   A       B       C       D       E      F
               +-------+-------+-------+-------+-------+----------------------
         Total | 100.0 | 100.0 |   6.5 |  29.4 |  40.6 | 1026.0
       Dungeon |  93.4 |  92.9 |   6.9 |  28.8 |  43.5 | 1072.8
         Sewer |   6.6 |   7.1 |   0.0 |  38.5 |   3.5 | 652.0
               +-------+-------+-------+-------+-------+----------------------

Table legend:
 A = Kills in this place as a percentage of kills in entire the game.
 B = Kills by you in this place as a percentage of kills by you in the entire game.
 C = Kills by friends in this place as a percentage of kills by friends in the entire game.
 D = Other kills in this place as a percentage of other kills in the entire game.
 E = Experience gained in this place as a percentage of experience gained in the entire game.
 F = Experience gained in this place divided by the number of levels of this place that you have seen.
                   A       B       C       D       E      F
               +-------+-------+-------+-------+-------+----------------------
         Total | 100.0 | 100.0 | 100.0 | 100.0 | 100.0 | 571.9
       Dungeon |  77.1 |  76.1 | 100.0 | 100.0 |  92.3 | 593.9
         Sewer |  22.9 |  23.9 |   0.0 |   0.0 |   7.7 | 396.0
               +-------+-------+-------+-------+-------+----------------------
